 Dungeon Sprint DCSS version 0.21-a0-221-gfe971b9 (webtiles) character file.

20755 potatolord6000 the Severer (level 12, -5/192 HPs)
             Began as a Hill Orc Fighter on Aug 24, 2017.
             Was the Champion of Beogh.
             Slain by a vault guard
             ... wielding a +0 bardiche
              (10 damage)
             ... in the Dungeon (Sprint V: "Ziggurat Sprint").
             The game lasted 00:16:37 (2163 turns).

potatolord6000 the Severer (Hill Orc Fighter)       Turns: 2163, Time: 00:16:38

Health: -5/192     AC: 35    Str: 44    XL:     12   Next: 82%
Magic:  12/12      EV: 22    Int:  8    God:    Beogh [******]
Gold:   0          SH:  0    Dex: 16    Spells: 11/11 levels left

rFire    . . .     SeeInvis .   B - +10 zealot's sword {holy, *Rage rN+ EV+3}
rCold    . . .     Gourm    .   (no shield)
rNeg     + . .     Faith    .   y - +15 Maxwell's patent armour {-Cast -Tele rElec MR+ rCorr}
rPois    .         Spirit   .   (no helmet)
rElec    +         Reflect  .   (no cloak)
rCorr    +         Harm     .   A - +1 pair of gloves {Dex+3}
MR       +....     Rnd*Rage +   (no boots) Stlth ..........NoTele +
                                o - amulet "Panomooqepn" {Inacc +Inv rElec Str+3 Dex+3}
HPRegen  0.42/turn NoCast   +   D - +6 ring of strength
MPRegen  0.13/turn              E - +6 ring of strength

@: mighty, berserking, hasted, very quick
A: walk on water
a: Smiting, Recall Orcish Followers, Give Item to Named Follower, Resurrection,
Renounce Religion, Evoke Invisibility


You were in the Dungeon.
You worshipped Beogh.
Beogh was exalted by your worship.
You were full.

You visited 1 branch

Inventory:

Hand Weapons
 c - a +5 executioner's axe of freezing
 B - the +10 zealot's sword (weapon) {holy, *Rage rN+ EV+3}
   (You found it in the Dungeon)

   It has been blessed by the Shining One to cause great damage to the undead
   and demons.
   It affects your evasion (+3).
   It protects you from negative energy.
   It may make you go berserk in combat.
Armour
 a - a +5 crystal plate armour
 y - the +15 Maxwell's patent armour (worn) {-Cast -Tele rElec MR+ rCorr}
   (You found it in the Dungeon)

   It insulates you from electricity.
   It affects your resistance to hostile enchantments.
   It prevents spellcasting.
   It prevents most forms of teleportation.
   It protects you from acid and corrosion.
 A - a +1 pair of gloves of dexterity (worn)
Jewellery
 o - the amulet "Panomooqepn" (around neck) {Inacc +Inv rElec Str+3 Dex+3}
   (You found it in the Dungeon)

   [amulet of inaccuracy]

   It reduces the accuracy of all your attacks.
   It affects your strength (+3).
   It affects your dexterity (+3).
   It insulates you from electricity.
   It lets you turn invisible.
 D - a +6 ring of strength (left hand)
 E - a +6 ring of strength (right hand)
Scrolls
 k - 4 scrolls of blinking
 q - 4 scrolls of amnesia
 r - 3 scrolls of recharging
 s - 7 scrolls of fog
 t - a scroll of holy word
 u - 4 scrolls of identify
 v - 5 scrolls of remove curse
 w - 2 scrolls of fear
Potions
 d - a potion of might
 h - 3 potions of haste
 i - 5 potions of magic
 j - a potion of berserk rage
 l - 2 potions of brilliance
 m - a potion of invisibility
 n - 3 potions of resistance
 p - 5 potions of agility
Comestibles
 f - 5 bread rations
 x - 42 fruits
 z - 2 meat rations


   Skills:
 + Level 18.4 Fighting
 * Level 8.7 Long Blades
 - Level 18.7 Axes
 + Level 17.1 Armour
 + Level 13.5 Dodging
   Level 3.2 Shields


You had 11 spell levels left.
You didn't know any spells.

Dungeon Overview and Level Annotations

Branches:
Dungeon (1/1)

Altars:
Ashenzari
Cheibriados
Dithmenos
Elyvilon
Fedhas
Gozag
Hepliaklqana
Kikubaaqudgha
Makhleb
Nemelex Xobeh
Okawaru
Qazlal
Ru
Sif Muna
Trog
Uskayaw
Vehumet
Wu Jian
Xom
Yredelemnul
Zin
The Shining One
Beogh
Jiyva
Lugonu


Message History

* * * LOW HITPOINT WARNING * * *
The vault guard hits your orc priest with a war axe!
Your orc priest hits the vault guard.
The vault guard dies!
Beogh accepts your kill.
Beogh blesses Gorg with healing.
Gorg looks more experienced.
The vault guard hits you with a long sword.
* * * LOW HITPOINT WARNING * * *
Gorg closely misses the vault guard.
The vault guard hits you with a great mace of holy wrath.
* * * LOW HITPOINT WARNING * * *
The vault guard completely misses you.
You riposte.
You slash the vault guard!
The vault guard is lightly wounded.
The shadow dragon bites you.
* * * LOW HITPOINT WARNING * * *
The shadow dragon claws you!
* * * LOW HITPOINT WARNING * * *
The shadow dragon claws you but does no damage.
The vault guard hits you from afar with a bardiche!
You die... ▓.8©8.▓.8©8 ▓..||:.}[)..▓▓..)).▓.}.} ▓....|:}=[..▓▓..)..▓.|.. ▓...........▓▓.....▓.... ▓...........▓▓.....▓.... ▓...........▓▓..†..▓.... ▓......p... ▓.†©..▓..©. ▓pppDp▓

▓▓▓▓▓▓▓▓▓▓▓▓ ▓▓Cp@▓▓
▓..8©8...▓..
▓..▓.)ppo▓..▓..))....▓..
▓.....©.....▓...)....▓..
▓▓▓▓▓▓▓▓▓▓▓▓▓..))).=.▓..
▓....8©8....▓..|.....▓..
▓..:[[)|}}..▓.▓....▓.▓.▓
▓...)=[)[|..▓...©....▓..
▓...........▓▓▓▓▓▓▓▓▓▓▓▓
▓...........▓...8©8...▓.


You could see a shadow dragon, a stone giant, 8 vault guards and the friendly
Gorg the orc priest (berserk).

Vanquished Creatures
  3 fire giants (D)
  A shadow dragon (D)
  4 merfolk javelineers (D)
  A merfolk impaler (D)
  2 vault guards (D)
  A satyr (D)
  2 hell hogs (D)
  4 soul eaters (D)
  An ugly thing (D)
  A manticore (D)
  A merfolk siren (D)
  A black mamba (D)
  4 spiny frogs (D)
  2 efreet (D)
  2 jumping spiders (D)
  A merfolk (D)
  A hornet (D)
  2 hippogriffs (D)
  A tarantella (D)
  4 spriggans (D)
  A fire elemental (D)
  A yak (D)
  A golden eye (D)
  3 water moccasins (D)
  3 hell hounds (D)
  An eye of draining (D)
  2 black bears (D)
  A necrophage (D)
  4 wolves (D)
  A centaur (shapeshifter) (D)
  2 crocodiles (D)
  A scorpion (D)
  2 wights (D)
  2 crimson imps (D)
  A quasit (D)
  2 jellies (D)
  2 orc wizards (D)
  2 iguanas (D)
  4 adders (D)
  An ufetubus (D)
  2 spectral adders (D)
  An ooze (D)
  5 adder skeletons (D)
  2 adder zombies (D)
  2 orcs (D)
  A spectral bat (D)
  2 bat skeletons (D)
  A jackal (D)
  A ball python (D)
  2 giant cockroach zombies (D)
  A jackal skeleton (D)
  2 leopard gecko zombies (D)
  A quokka zombie (D)
  A spectral giant cockroach (D)
100 creatures vanquished.

Vanquished Creatures (collateral kills)
  2 vault guards (D)
  A quokka zombie (D)
3 creatures vanquished.

Vanquished Creatures (others)
  A merfolk siren (D)
  2 orc warriors (D)
  A merfolk (D)
  An orc wizard (D)
  2 orc priests (D)
7 creatures vanquished.

Grand Total: 110 creatures vanquished

Notes
Turn   | Place    | Note
-------+----------+-------------------------------------------
     0 | D        | Found the +6 Majin-Bo {vamp, Archmagi MP+6 Int+6}
     0 | D        | Found the +7 great mace "Firestarter" {inner flame, rF++}
     0 | D        | potatolord6000 the Hill Orc Fighter began the quest for the Orb.
     0 | D        | Reached XP level 1. HP: 19/19 MP: 1/1
     0 | D        | Found a blossoming altar of Fedhas.
     1 | D        | Found a deep blue altar of Sif Muna.
     1 | D        | Found a sacrificial altar of Ru.
     1 | D        | Found a bloodstained altar of Trog.
     1 | D        | Found a stormy altar of Qazlal.
     1 | D        | Found an iron altar of Okawaru.
     1 | D        | Found a sparkling altar of Nemelex Xobeh.
     3 | D        | Found a transporter.
     3 | D        | Found an ancient bone altar of Kikubaaqudgha.
     3 | D        | Found a viscous altar of Jiyva.
     3 | D        | Found a corrupted altar of Lugonu.
     3 | D        | Found a hazy altar of Hepliaklqana.
     3 | D        | Found a burning altar of Makhleb.
     3 | D        | Found an opulent altar of Gozag.
    67 | D        | Found the +9 heavy crossbow "Sniper" {velocity, Acc+∞ SInv}
    67 | D        | Found the +10 dark maul {crush}
    67 | D        | Found the +15 Maxwell's patent armour {-Cast -Tele rElec MR+ rCorr}
    67 | D        | Found the +18 shield of the Gong {rElec rN+ MR+ EV-5}
    67 | D        | Found the cursed +14 obsidian axe {chop, +Fly SInv *Curse}
   102 | D        | Became a worshipper of Beogh the Brigand
   119 | D        | Entered arena 2.
   119 | D        | Noticed a cyan ugly thing
   119 | D        | Noticed a centaur
   119 | D        | Found a transporter.
   120 | D        | Reached skill level 5 in Fighting
   120 | D        | Reached skill level 5 in Axes
   120 | D        | Reached skill level 5 in Armour
   120 | D        | Reached XP level 2. HP: 29/29 MP: 2/2
   123 | D        | Killed a centaur
   123 | D        | Reached XP level 3. HP: 38/38 MP: 3/3
   123 | D        | Reached XP level 4. HP: 45/45 MP: 4/4
   130 | D        | Killed a cyan ugly thing
   130 | D        | Reached skill level 10 in Axes
   130 | D        | Reached XP level 5. HP: 40/58 MP: 5/5
   130 | D        | Reached XP level 6. HP: 46/66 MP: 6/6
   130 | D        | Reached XP level 7. HP: 49/71 MP: 7/7
   237 | D        | Entered arena 3.
   237 | D        | Found a transporter.
   239 | D        | Reached * piety under Beogh
   257 | D        | Entered arena 4.
   257 | D        | Noticed a jumping spider
   257 | D        | Noticed a tarantella
   257 | D        | Noticed a jumping spider
   257 | D        | Found a transporter.
   263 | D        | Reached ** piety under Beogh
   263 | D        | Reached skill level 10 in Fighting
   271 | D        | Killed a jumping spider
   276 | D        | Killed a tarantella
   276 | D        | Reached skill level 10 in Armour
   276 | D        | Reached XP level 8. HP: 52/81 MP: 8/8
   280 | D        | Killed a jumping spider
   288 | D        | Got the amulet "Panomooqepn" {Inacc +Inv rElec Str+3 Dex+3}
   403 | D        | Entered arena 5.
   403 | D        | Found a transporter.
   406 | D        | Reached *** piety under Beogh
   434 | D        | Entered arena 6.
   434 | D        | Found a transporter.
   440 | D        | Reached **** piety under Beogh
   592 | D        | Entered arena 7.
   592 | D        | Noticed a yak
   595 | D        | Found a transporter.
   597 | D        | Reached ***** piety under Beogh
   598 | D        | Killed a yak
   598 | D        | Reached XP level 9. HP: 90/90 MP: 3/9
   618 | D        | Entered arena 8.
   619 | D        | Found a transporter.
   638 | D        | Reached ****** piety under Beogh
   704 | D        | Entered arena 9.
   704 | D        | Noticed a spriggan rider
   705 | D        | Found a transporter.
   732 | D        | Killed a hornet
   884 | D        | Entered arena 10.
   885 | D        | Found a transporter.
   905 | D        | Entered arena 11.
   906 | D        | Found a transporter.
   909 | D        | Reached XP level 10. HP: 100/101 MP: 10/10
   942 | D        | Entered arena 12.
   942 | D        | Noticed a fire giant
   943 | D        | Noticed a hell hog
   943 | D        | Noticed a fire giant
   943 | D        | Noticed a hell hog
   943 | D        | Noticed a fire giant
   954 | D        | Killed a fire giant
   954 | D        | Reached skill level 15 in Axes
   954 | D        | Reached skill level 10 in Dodging
   955 | D        | Killed a hell hog
   955 | D        | Killed a fire giant
   955 | D        | Reached skill level 15 in Fighting
   955 | D        | Reached XP level 11. HP: 75/113 MP: 0/11
   955 | D        | Killed a fire giant
   956 | D        | Killed a hell hog
   960 | D        | Reached skill level 15 in Armour
   963 | D        | Found a transporter.
  1229 | D        | Entered arena 13.
  1229 | D        | Noticed a manticore
  1229 | D        | Noticed a merfolk impaler
  1229 | D        | Noticed a satyr
  1230 | D        | Noticed a merfolk javelineer
  1230 | D        | Noticed a merfolk javelineer
  1231 | D        | Noticed a merfolk javelineer
  1231 | D        | Noticed a merfolk javelineer
  1238 | D        | Killed a manticore
  1253 | D        | Killed a satyr
  1255 | D        | Killed a merfolk javelineer
  1255 | D        | Killed a merfolk impaler
  1258 | D        | Found a transporter.
  1264 | D        | Killed a merfolk javelineer
  1266 | D        | Killed a merfolk javelineer
  1269 | D        | Killed a merfolk javelineer
  1618 | D        | Entered arena 14.
  1622 | D        | Found the +10 zealot's sword {holy, *Rage rN+ EV+3}
  1623 | D        | Found a transporter.
  1625 | D        | Reached XP level 12. HP: 123/125 MP: 12/12
  1750 | D        | Entered arena 15.
  1751 | D        | Noticed a soul eater
  1751 | D        | Noticed a shadow dragon
  1752 | D        | Noticed a soul eater
  1752 | D        | Noticed a soul eater
  1752 | D        | Noticed a soul eater
  1766 | D        | Killed a soul eater
  1774 | D        | Killed a soul eater
  1781 | D        | Killed a soul eater
  1783 | D        | Killed a soul eater
  1783 | D        | Reached skill level 5 in Long Blades
  1787 | D        | HP: 7/190 [shadow dragon/bolt of negative energy (20)]
  1791 | D        | Found a transporter.
  1798 | D        | Killed a shadow dragon
  1809 | D        | Got the +9 gold dragon scales of Pidauwk {rPois rF+ rC+ Regen+}
  2135 | D        | Entered arena 16.
  2136 | D        | Noticed a vault guard
  2136 | D        | Noticed a vault guard
  2136 | D        | Noticed a vault guard
  2136 | D        | Noticed a stone giant
  2136 | D        | Noticed a vault guard
  2136 | D        | Noticed a vault guard
  2136 | D        | Noticed a vault guard
  2137 | D        | Noticed a vault guard
  2137 | D        | Noticed a vault guard
  2137 | D        | Noticed a vault guard
  2137 | D        | Noticed a vault guard
  2137 | D        | Noticed a shadow dragon
  2140 | D        | Noticed a vault guard
  2140 | D        | Noticed a vault guard
  2148 | D        | Killed a vault guard
  2150 | D        | Killed a vault guard
  2158 | D        | Killed a vault guard
  2162 | D        | Killed a vault guard
  2162 | D        | Gained Gorg as an ally
  2163 | D        | HP: 5/192 [shadow dragon (8)]
  2163 | D        | Slain by a vault guard

Vault maps used:
D:        sprint_v

Skill      XL: |  1  2  3  4  5  6  7  8  9 10 11 12 |
---------------+-------------------------------------+-----
Fighting       | 5 6 9 10 12 13 15 17 18 | 18.4
Axes           | 5 7 10 11 12 14 16 18 | 18.7
Armour         | 5 6 8 10 11 12 14 15 17 | 17.1
Dodging        | 2 3 6 7 8 9 11 12 13 | 13.5
Long Blades    | 8 |  8.7
Shields        | |  3.2

Action                   |  1- 3 |  4- 6 |  7- 9 | 10-12 || total
-------------------------+-------+-------+-------+-------++-------
Melee: Executioner's axe |     2 |     7 |   104 |    46 ||   159
       Eudemon blade     |       |       |       |    49 ||    49
Invok: Smiting           |       |       |     2 |     8 ||    10
  Use: Potion            |     2 |       |     9 |    25 ||    36
       Scroll            |       |       |     3 |       ||     3
 Stab: Invisible         |       |       |       |     6 ||     6
  Eat: Meat ration       |       |       |       |     2 ||     2
Armor: Plate armour      |     2 |     8 |   150 |   156 ||   316
Dodge: Dodged            |       |     2 |   166 |   204 ||   372
       Rpst.: Eudemon blade |       |       |       |    21 ||    21

Table legend:
 A = Spawn XP
 B = Non-spawn XP
 C = Spawn XP percentage of total XP
 D = Spawn monster count
 E = Non-spawn monster count
 F = Spawn count percentage of total count
 G = Total turns spent on level
                    A         B        C        D         E        F      G
               +---------+---------+-------+---------+---------+-------+---------
         Total |       0 |   29640 |   0.0 |       0 |     105 |   0.0 |  2163
               +---------+---------+-------+---------+---------+-------+---------
             D |       0 |   29640 |   0.0 |       0 |     105 |   0.0 |  2163
               +---------+---------+-------+---------+---------+-------+---------
